 Dungeon Crawl Stone Soup version 0.17-a0-1404-gb8113a6 (webtiles) character file.

498 Foly the Ruffian (level 6, -1/50 HPs)
             Began as a Draconian Transmuter on June 21, 2015.
             Was a Follower of Dithmenos.
             Slain by Duffy's ghost (11 damage)
             ... on level 5 of the Dungeon.
             The game lasted 00:47:22 (4538 turns).

Foly the Ruffian (Draconian Transmuter)             Turns: 4538, Time: 00:47:22

Health: -1/50      AC:  8    Str: 14    XL:     6   Next: 94%
Magic:  10/10      EV: 19    Int: 13    God:    Dithmenos [*.....]
Gold:   241        SH:  0    Dex: 17    Spells: 2 memorised, 8 levels left

rFire  . . .     SeeInvis .       - Unarmed
rCold  . . .     Clarity  .     (armour unavailable)
rNeg   . . .     SustAt   .     (no shield)
rPois  .         Gourm    .     (helmet restricted)
rElec  .         Spirit   .     C - +1 cloak
rCorr  .         Warding  .     (no gloves)
rMut   .         Stasis   .     (no boots)
MR     .....                    (no amulet)
Stlth  +++.......               (no ring)
                                (no ring)

@: agile, very slightly contaminated, wreathed by umbra, not resistant to
hostile enchantments, fairly stealthy
A: unfitting armour, cold-blooded, AC +6
a: Renounce Religion


You were on level 5 of the Dungeon.
You worshipped Dithmenos.
Dithmenos was aware of your devotion.
You were very hungry.

You visited 1 branch of the dungeon, and saw 5 of its levels.

You collected 241 gold pieces.

Inventory:

Hand weapons
 l - a cursed +0 dagger
 r - a +0 club
Missiles
 a - an arrow
 o - 82 stones (quivered)
 y - 14 poisoned arrows
Armour
 C - a +1 cloak (worn)
Magical devices
 B - a wand of digging (19)
Scrolls
 e - 5 scrolls of identify
 i - 2 scrolls of enchant armour {unknown}
 q - 3 scrolls of remove curse
 t - a scroll of amnesia {unknown}
 A - a scroll of immolation {unknown}
Potions
 d - 2 potions of magic {unknown}
 m - 2 potions of curing
 n - a potion of flight {unknown}
 p - 2 potions of haste {unknown}
 s - 3 potions of agility
 u - a potion of degeneration {unknown}
 w - a potion of poison {unknown}
 z - a potion of berserk rage {unknown}
 D - a potion of brilliance {unknown}
Books
 b - a book of Changes

   Spells                             Type                      Level
   a - Beastly Appendage              Transmutation                1
   b - Sticks to Snakes               Transmutation                2
   c - Spider Form                    Transmutation/Poison         3
   d - Ice Form                       Ice/Transmutation            4
   e - Blade Hands                    Transmutation                5
Comestibles
 c - 4 bread rations
 j - a royal jelly
 k - 3 meat rations
 x - 2 beef jerkies


   Skills:
 + Level 2.8 Fighting
 + Level 1.2 Throwing
 + Level 3.8 Dodging
 + Level 4.6 Unarmed Combat
 + Level 3.2 Spellcasting
 + Level 3.3 Transmutations


You had 8 spell levels left.
You knew the following spells:

 Your Spells              Type           Power        Failure   Level  Hunger
a - Beastly Appendage     Trmt           ##....       8%          1    #......
b - Sticks to Snakes      Trmt           ##........   10%         2    ##.....


Dungeon Overview and Level Annotations

Branches:
Dungeon (5/15)
 Temple: D:4-7

Altars:
Cheibriados
Dithmenos
Kikubaaqudgha
Makhleb
Sif Muna
Vehumet
Yredelemnul
Zin
The Shining One

Annotations:
D:5 Duffy's ghost, experienced CeMo


Innate Abilities, Weirdness & Mutations

Your plain brown scales are hard (AC +6).
Your body does not fit into most forms of armour.
You are cold-blooded and may be slowed by cold attacks.


Message History

You feel strangely unstable.
Your surroundings seem slightly different.
Duffy's ghost closely misses you.
Drink which item? (? for menu, Esc to quit)
It was a potion of agility.
You feel agile all of a sudden. Duffy's ghost closely misses you.
Drink which item? (? for menu, Esc to quit)
It was a potion of curing.
You feel better. Duffy's ghost hits you.
* * * LOW HITPOINT WARNING * * *
You hit Duffy's ghost.
Duffy's ghost is almost destroyed.
Duffy's ghost hits you.
* * * LOW HITPOINT WARNING * * *
You barely miss Duffy's ghost.
Duffy's ghost is almost destroyed.
You closely miss Duffy's ghost.
Your tail-slap misses Duffy's ghost.
Duffy's ghost is almost destroyed.
Duffy's ghost hits you!
You die...

..#.# #†#.# #.#.#
#.#.#
#...#########
#...........#
...............#
...##......W....#
... #.......@...#
.. #...........#
# ###.#########
#.# .. ### #<#


You could see Duffy's ghost.

Vanquished Creatures
  Duvessa (D:4)
  A phantom (D:4)
  Dowan (D:4)
  A giant frog zombie (D:5)
  A crimson imp (D:4)
  2 giant frog skeletons (D:4)
  A hound (D:4)
  3 gnolls (D:4)
  4 adders
  An ooze (D:1)
  A worm (D:3)
  A giant gecko (D:2)
  A bat skeleton (D:4)
  3 giant cockroaches
  7 goblins
  10 hobgoblins
  7 bats
  5 giant newts
  8 kobolds
  2 quokkas
  13 rats
74 creatures vanquished.

Vanquished Creatures (collateral kills)
  A gnoll (D:4)
1 creature vanquished.

Grand Total: 75 creatures vanquished

Notes
Turn   | Place    | Note
--------------------------------------------------------------
     0 | D:1      | Foly the Draconian Transmuter began the quest for the Orb.
     0 | D:1      | Reached XP level 1. HP: 16/16 MP: 3/3
   233 | D:1      | Reached XP level 2. HP: 15/23 MP: 3/5
   979 | D:2      | Reached XP level 3. HP: 21/28 MP: 4/6
  1051 | D:2      | Learned a level 2 spell: Sticks to Snakes
  1118 | D:2      | Found a radiant altar of Vehumet.
  1518 | D:2      | Found a snail-covered altar of Cheibriados.
  1975 | D:3      | Found a shadowy altar of Dithmenos.
  1981 | D:3      | Became a worshipper of Dithmenos the Shadowed
  2071 | D:3      | Reached XP level 4. HP: 30/35 MP: 5/7
  2123 | D:3      | Found an ancient bone altar of Kikubaaqudgha.
  2479 | D:3      | Found a glowing golden altar of the Shining One.
  2775 | D:4      | Noticed a phantom
  2838 | D:4      | Killed a phantom
  2838 | D:4      | Reached skill level 4 in Unarmed Combat
  2838 | D:4      | Reached XP level 5. HP: 38/41 MP: 6/9
  2971 | D:4      | Found a glowing silver altar of Zin.
  3018 | D:4      | Noticed Duvessa
  3018 | D:4      | Noticed Dowan
  3194 | D:4      | Reached skill level 1 in Throwing
  3521 | D:4      | Killed Dowan
  3521 | D:4      | Reached XP level 6. HP: 26/50 MP: 10/10
  3789 | D:4      | Found a basalt altar of Yredelemnul.
  3855 | D:4      | Found a burning altar of Makhleb.
  4223 | D:4      | Killed Duvessa
  4366 | D:4      | Found a deep blue altar of Sif Muna.
  4449 | D:5      | Entered Level 5 of the Dungeon
  4491 | D:5      | Noticed Duffy's ghost (experienced CeMo)
  4538 | D:5      | Slain by Duffy's ghost

Vault maps used:
D:1:      lemuel_arrival_river_bridge
D:2:      overflow_temple_1_default, cheibriados_altar_1, minmay_misc_feat_iff,
          minmay_misc_feat_diagonals
D:3:      lemuel_crystal_altar, lemuel_crystal_altar,
          grunt_dithmenos_smoke_and_mirrors
D:4:      zin_academy, kennysheep_mini, lemuel_blue_sif_altar, bloody_makhleb,
          uniq_duvessa
D:5:      lemuel_round_altar, first_bread, corexii_item_surrounded_by_moat,
          okawaru_ov_weapons_minmay

Action                   |  1- 3 |  4- 6 || total
-------------------------+-------+-------++-------
Melee: Unarmed           |   161 |   247 ||   408
Throw: Stone             |    14 |    29 ||    43
 Cast: Beastly Appendage |    21 |    11 ||    32
       Sticks to Snakes  |       |    11 ||    11
  Use: Potion            |       |     5 ||     5
       Scroll            |       |     8 ||     8
 Stab: Sleeping          |     1 |     2 ||     3
  Eat: Chunk             |     4 |     5 ||     9
       Fruit             |       |     2 ||     2
       Pizza             |       |     1 ||     1
